 Dungeon Crawl Stone Soup version 0.30-a0-1163-gf69bf04e7a (webtiles) character file.

Game seed: 15427146699342419517

3 ytrimaz the Slasher (level 1, -3/16 HPs)
             Began as a Demonspawn Gladiator on Apr 28, 2023.
             Slain by a gnoll
             ... wielding a +0 spear
              (9 damage)
             ... on level 1 of the Dungeon.
             The game lasted 00:00:21 (202 turns).

ytrimaz the Slasher (Demonspawn Gladiator)           Turns: 202, Time: 00:00:21

Health: -3/16      AC:  4    Str: 14    XL:     1   Next: 41%
Magic:  1/1        EV:  7    Int:  9    God:
Gold:   21         SH: 10    Dex: 14    Spells: 0/0 levels left

rFire   . . .        a - +0 long sword
rCold   . . .        g - +0 tower shield
rNeg    . . .        b - +0 leather armour
rPois   .            c - +0 helmet
rElec   .            (no cloak)
rCorr   .            (no gloves)
SInv    .            (no boots)
Will    .....        (no amulet)
Stlth   +            (no ring)
HPRegen 0.22/turn    (no ring)
MPRegen 0.07/turn

%: no passive effects
@: no status effects
A: no striking features
a: no special abilities


You were on level 1 of the Dungeon.
You visited 1 branch of the dungeon, and saw 1 of its levels.

You collected 21 gold pieces.


   Skills:
 - Level 2.0 Fighting
 * Level 2.8 Long Blades
 - Level 1.7 Throwing
 + Level 2.7 Dodging
 * Level 0.1 Shields


You couldn't memorise any spells.
You didn't know any spells.
Your spell library was empty.

Inventory:

Hand Weapons
 a - a +0 long sword (weapon)
Missiles
 d - 3 throwing nets (quivered)
 e - a javelin
Armour
 b - a +0 leather armour (worn)
 c - a +0 helmet (worn)
 g - a +0 tower shield (worn)
   (You found it on level 1 of the Dungeon)
Scrolls
 h - a scroll of immolation {unknown}
Potions
 f - a potion of lignification {unknown}

Dungeon Overview and Level Annotations

Branches:
Dungeon (1/15) Zot: 5789

Altars:

..PP.P.P...# ..P.....P..#
..PP....P.. ..P.....P.#
....P.P.P.# ...P...P..#
#...."g)# #####.@##
.....?...# #.#######.# ###
#.# ###.### ##.##
#.#####.....# ##...######
###>..|#....#.###..........
#...##.#.#...........######
## ###........#...........#
.####..........#..#.#..###.#


You could see a gnoll.


Message History

No target in view!
No target in view!
No target in view!
No target in view!
No target in view!
No target in view!
No target in view!
No target in view!
No target in view!
No target in view!
No target in view!
No target in view!
No target in view!
No target in view!
No target in view!
No target in view!
Found a stone staircase leading down.
You see here a bat corpse.
You see here a +0 tower shield.
g - a +0 tower shield You see here a staff of cold.
An endoplasm comes into view.
An endoplasm is nearby!
An endoplasm is nearby!
An endoplasm is nearby!
The endoplasm quivers.
You hit the endoplasm. The endoplasm freezes you.
You are frozen. 😮 HP[-5]
You take 5 damage, and now have 11/16 hp.
MASSIVE DAMAGE!! (PAUSE)
You are too injured to fight recklessly!
You hit the endoplasm.
You kill the endoplasm!
You are too injured to fight recklessly!
Unknown command.
You are too injured to fight recklessly!
h - a scroll labelled OXETHO DIG UGA 😎 HP[+5]
Your hp is fully restored (16).
Key pressed, stopping explore.
You see here a +0 ring mail.
Found a stone staircase leading down.
You start putting on your armour.
You continue putting on your +0 tower shield. x4
You finish putting on your +0 tower shield.
Unknown command.
You see here a staff of death.
A bat comes into view.
You see here 7 gold pieces.
A bat is nearby!
The bat hits you but does no damage. You block the bat's attack.
Your movement speed is average.
Your attack delay is about 1.7 (and is slowed by your shield).
Your damage rating with your +0 long sword is about 11 (Base 10 x 110% (Dex) x 108% (Skill)).
You closely miss the bat. You block the bat's attack.
The bat barely misses you. The bat hits you but does no damage.
You hit the bat. You block the bat's attack.
The bat hits you but does no damage.
You closely miss the bat. You block the bat's attack.
The bat barely misses you.
You hit the bat but do no damage. The bat misses you.
The bat hits you but does no damage.
You miss the bat. You block the bat's attack. The bat hits you. 😕 HP[-1]
You take 1 damage, and now have 15/16 hp.
You slash the bat!
You kill the bat!
No target in view!
No target in view!
No target in view!
No target in view!
No target in view!
No target in view!
No target in view!
No target in view!
No target in view!
You now have 21 gold pieces (gained 7).
Key pressed, stopping explore.
Found a stone staircase leading down. 😎 HP[+1]
Your hp is fully restored (16).
A gnoll comes into view. It is wielding a +0 spear.
A gnoll is nearby!
A gnoll is nearby!
Unknown command.
You block the gnoll's attack.
You hit the gnoll. The gnoll hits you with a +0 spear.
The gnoll hits you with a +0 spear!
Ouch! That really hurt!
* * * LOW HITPOINT WARNING * * *
😨 HP[-11]
You take 11 damage, and now have 5/16 hp.
MASSIVE DAMAGE!! (PAUSE)
You barely miss the gnoll. The gnoll hits you but does no damage.
The gnoll hits you with a +0 spear!
Ouch! That really hurt!
You die...

Action                     || total
---------------------------++-------
  Melee: Long sword        ||    12
 Armour: Leather armour    ||     7
  Dodge: Dodged            ||     4
  Block: Tower shield      ||     6

Levels and vault maps discovered:
D:1:      dpeg_arrival_long_road, layout_loops_ring,
          hellmonk_ecumenical_altar_run_dry, minmay_misc_feat_columns,
          nicolae_grassy_gnolls

Notes
Turn   | Place    | Note
-------+----------+-------------------------------------------
     0 | D:1      | ytrimaz the Demonspawn Gladiator began the quest for the
                  | Orb.
     0 | D:1      | Reached XP level 1. HP: 16/16 MP: 1/1
     0 | D:1      | magus.rc [v1.9.6]
   202 | D:1      | Slain by a gnoll

Vanquished Creatures
  An endoplasm (D:1)
  2 bats (D:1)
3 creatures vanquished.

Table legend:
 A = Non-vault XP
 B = Vault XP
 C = Vault XP percentage of total XP
 D = Non-vault monster count
 E = Vault monster count
 F = Vault count percentage of total count
                 A         B        C        D         E       F
            +---------+---------+-------+---------+---------+-------
      Total |       5 |       0 |   0.0 |       3 |       0 |   0.0
            +---------+---------+-------+---------+---------+-------
        D:1 |       5 |       0 |   0.0 |       3 |       0 |   0.0
            +---------+---------+-------+---------+---------+-------

Action                     || total
---------------------------++-------
  Melee: Long sword        ||    12
 Armour: Leather armour    ||     7
  Dodge: Dodged            ||     4
  Block: Tower shield      ||     6

Illustrated notes

Table legend:
 A = Kills in this place as a percentage of kills in the entire game.
 B = Kills by you in this place as a percentage of kills by you in the entire game.
 C = Kills by friends in this place as a percentage of kills by friends in the entire game.
 D = Other kills in this place as a percentage of other kills in the entire game.
 E = Experience gained in this place as a percentage of experience gained in the entire game.
 F = Experience gained in this place divided by the number of levels of this place that you have seen.
                   A       B       C       D       E      F
               +-------+-------+-------+-------+-------+----------------------
         Total | 100.0 | 100.0 |   N/A |   N/A | 100.0 |   5.0
       Dungeon | 100.0 | 100.0 |   N/A |   N/A | 100.0 |   5.0
               +-------+-------+-------+-------+-------+----------------------

Table legend: (Time is in decaauts)
 A = Elapsed time spent in this place.
 B = Non-inter-level travel time spent in this place.
 C = Inter-level travel time spent in this place.
 D = Time resting spent in this place.
 E = Time spent auto-exploring this place.
 F = Levels seen in this place.
 G = Mean time per level.
                   A        B        C        D        E       F      G
               +--------+--------+--------+--------+--------+-----+--------+
         Total |    208 |    208 |      0 |      0 |    157 |   1 |  208.0 |
       Dungeon |    208 |    208 |      0 |      0 |    157 |   1 |  208.0 |
               +--------+--------+--------+--------+--------+-----+--------+

Top non-repeatable levels by time:
     D:1: 208 daAuts
